 Dungeon Crawl Stone Soup version 0.18.1-48-g4cf74bf (webtiles) character file.

866 mtkerosene the Cleaver (level 8, -1/66 HPs)
             Began as a Hill Orc Berserker on Aug 24, 2016.
             Was an Elder of Trog.
             Slain by wojtek's ghost (4 damage)
             ... on level 4 of the Dungeon.
             The game lasted 00:57:40 (5320 turns).

mtkerosene the Cleaver (Hill Orc Berserker)         Turns: 5320, Time: 00:57:40

Health: -1/66      AC:  6    Str: 26    XL:     8   Next: 3%
Magic:  8/8        EV: 12    Int:  7    God:    Trog [****..]
Gold:   143        SH:  0    Dex: 11    Spells: 0 memorised, 7 levels left

rFire  . . .     SeeInvis .     a - +0 hand axe
rCold  . . .     Gourm    .     w - +0 leather armour
rNeg   . . .     Faith    .     (no shield)
rPois  .         Spirit   .     o - +0 hat
rElec  .         Dismiss  .     x - +0 cloak
rCorr  .         Reflect  .     (no gloves)
SustAt .         Harm     .     y - +0 pair of boots
MR     .....                    E - amulet of inaccuracy (curse)
Stlth  +.........               (no ring)
                                b - ring of wizardry

@: mighty, exhausted, slowed, very slow, not resistant to hostile enchantments,
very unstealthy
A: no striking features
a: Berserk, Trog's Hand, Brothers in Arms, Burn Spellbooks, Renounce Religion


You were on level 4 of the Dungeon.
You worshipped Trog.
Trog was greatly pleased with you.
You were near starving.

You visited 2 branches of the dungeon, and saw 6 of its levels.

You collected 143 gold pieces.

Inventory:

Hand Weapons
 a - a +0 hand axe (weapon)
 m - a +2 dagger of draining
 p - a +0 hunting sling
 u - a +1 flail of holy wrath
Missiles
 e - 13 poisoned needles
 l - 5 needles of frenzy
 r - 28 arrows
 v - a throwing net
 G - 2 tomahawks (quivered)
Armour
 o - a +0 hat (worn)
 w - a +0 leather armour (worn)
 x - a +0 cloak (worn)
 y - a +0 pair of boots (worn)
 D - a +0 cloak
 F - a +3 ring mail
 I - a +0 pair of gloves
Jewellery
 b - a ring of wizardry (left hand)
 E - a cursed amulet of inaccuracy (around neck)
 H - an uncursed ring of protection from cold {unknown}
Wands
 k - a wand of acid (3/15)
Scrolls
 g - 2 scrolls of magic mapping
 q - 2 scrolls of recharging
 t - 2 scrolls of identify
Potions
 i - a potion of ambrosia {unknown}
 n - a potion of lignification {unknown}
 z - a potion of brilliance {unknown}
 B - a potion of invisibility {unknown}
 C - a potion of haste {unknown}
Comestibles
 c - 4 bread rations
 h - a fruit
 j - a royal jelly
 s - 3 meat rations


   Skills:
 - Level 4.0 Fighting
 - Level 10.4 Axes
 + Level 5.1 Armour
 - Level 1.7 Dodging


You had 7 spell levels left.
You didn't know any spells.

Dungeon Overview and Level Annotations

Branches:
Dungeon (5/15)             Temple (1/1) D:4

Altars:
Dithmenos
Elyvilon
Fedhas
Makhleb
Nemelex Xobeh
Pakellas
Qazlal
Vehumet
Xom
Yredelemnul
Zin
The Shining One

Shops:
D:4 [

Annotations:
D:4 wojtek's ghost, novice KoBe


Message History

You are near starving!
Eat which item? (? for menu, Esc to quit)
Okay, then.
You see here a giant club.
r - 28 arrows (gained 15)
You now have 143 gold pieces (gained 14).
G - a tomahawk
G - 2 tomahawks (gained 1)
You see here a quarterstaff.
Wojtek's ghost (novice Kobold Berserker) comes into view.
It is wielding a weapon of electrocution.
Wojtek's ghost turns its malevolent gaze towards you.
Read which item? (? for menu, Esc to quit)
Okay, then.
Drink which item? (? for menu, Esc to quit)
It was a potion of curing.
You feel better.
You barely miss wojtek's ghost. Wojtek's ghost hits you.
You are electrocuted!
* * * LOW HITPOINT WARNING * * *
You closely miss wojtek's ghost. Wojtek's ghost misses you.
You miss wojtek's ghost. Wojtek's ghost hits you.
You die...

.(#####.#..........#
. #.#..((......#
#.#.(........#
#.#(.........#
###.##...)....##
...##........##
####.#%.........#
#...........W...#
...###.......@.)# #
##.< ##..........#
..#... #...........#
#.#.#.##.#........##
#.#.#.#..##......##
#.....#.##########
#.#.##..# #.#....##
..#..#####


You could see wojtek's ghost.

Vanquished Creatures
  2 ogres
  A phantom (D:4)
  Blork the orc (D:5)
  A hound (D:4)
  A gnoll shaman (D:1)
  4 orc priests
  2 orc wizards
  A worker ant (D:3)
  4 adders
  11 gnolls
  2 howler monkey skeletons (D:4)
  A shadow imp (D:5)
  3 oozes
  2 worms
  3 dart slugs
  5 giant geckos
  10 orcs
  A ball python (D:3)
  7 bats
  5 giant cockroaches
  6 goblins
  4 hobgoblins
  6 jackals
  14 kobolds
  4 giant newts (D:1)
  9 rats
110 creatures vanquished.

Notes
Turn   | Place    | Note
--------------------------------------------------------------
     0 | D:1      | mtkerosene the Hill Orc Berserker began the quest for the Orb.
     0 | D:1      | Reached XP level 1. HP: 19/19 MP: 1/1
    98 | D:1      | Reached XP level 2. HP: 24/27 MP: 2/2
   604 | D:1      | Reached XP level 3. HP: 21/33 MP: 3/3
   731 | D:1      | Reached skill level 5 in Axes
   911 | D:1      | Reached ** piety under Trog
  1460 | D:1      | Reached skill level 6 in Axes
  1460 | D:1      | Reached XP level 4. HP: 40/40 MP: 4/4
  1717 | D:1      | Reached XP level 5. HP: 40/46 MP: 5/5
  1859 | D:1      | Reached skill level 7 in Axes
  2233 | D:2      | Found a blossoming altar of Fedhas.
  2359 | D:2      | Reached skill level 8 in Axes
  2577 | D:2      | Reached *** piety under Trog
  2742 | D:4      | Found Ejyowy's Antique Armour Shoppe.
  2751 | D:4      | Reached XP level 6. HP: 52/52 MP: 6/6
  2796 | D:4      | Noticed a phantom
  3727 | D:3      | Reached skill level 9 in Axes
  4495 | D:3      | Reached **** piety under Trog
  4648 | D:4      | Reached XP level 7. HP: 59/59 MP: 7/7
  4662 | D:4      | Reached skill level 10 in Axes
  4714 | D:5      | Entered Level 5 of the Dungeon
  4716 | D:5      | Noticed Blork the orc
  4724 | D:5      | Killed Blork the orc
  5007 | D:4      | Found a staircase to the Ecumenical Temple.
  5016 | Temple   | Entered the Ecumenical Temple
  5300 | D:4      | Reached skill level 5 in Armour
  5300 | D:4      | Reached XP level 8. HP: 17/66 MP: 8/8
  5315 | D:4      | Noticed wojtek's ghost (novice KoBe)
  5318 | D:4      | HP: 2/66 [wojtek's ghost (20)]
  5320 | D:4      | Slain by wojtek's ghost

Skill      XL: |  1  2  3  4  5  6  7 |
---------------+----------------------+-----
Fighting       | 4 |  4.0
Axes           | 6 8 9 10 | 10.4
Armour         | 5 |  5.1
Dodging        | |  1.7

Action                   |  1- 3 |  4- 6 |  7- 9 || total
-------------------------+-------+-------+-------++-------
Melee: Hand axe          |   112 |   365 |    62 ||   539
Throw: Stone             |     3 |    27 |       ||    30
       Throwing net      |       |     1 |       ||     1
       Tomahawk          |       |       |    10 ||    10
Invok: Berserk           |     2 |     6 |     3 ||    11
Evoke: Wand              |       |       |     1 ||     1
  Use: Scroll            |       |     6 |     1 ||     7
       Potion            |       |       |     2 ||     2
 Stab: Sleeping          |     1 |     1 |       ||     2
       Distracted        |       |     1 |       ||     1
  Eat: Chunk             |     2 |    17 |     4 ||    23
       Fruit             |     1 |       |       ||     1
Armor: Animal skin       |    22 |       |       ||    22
       Leather armour    |       |    86 |     4 ||    90
Dodge: Dodged            |    57 |   155 |    20 ||   232
